 Dungeon Crawl Stone Soup version 0.30-a0-476-g330ca2eb8e (webtiles) character file.

Game seed: 17397623333008006261

295 oldriver the Sneak (level 6, -1/57 HPs)
             Began as a Naga Warper on Dec 21, 2022.
             Was an Initiate of Elyvilon.
             Slain by a worm (9 damage)
             ... on level 5 of the Dungeon.
             The game lasted 00:07:16 (3902 turns).

oldriver the Sneak (Naga Warper)                    Turns: 3902, Time: 00:07:17

Health: -1/57      AC: 14    Str: 13    XL:     6   Next: 34%
Magic:  9/9        EV:  1    Int: 14    God:    Elyvilon [......]
Gold:   232        SH:  0    Dex: 12    Spells: 9/9 levels left

rFire   . . .      SeeInvis +    a - +0 short sword
rCold   + . .      Faith    .    (no shield)
rNeg    . . .      Spirit   .    g - +7 plate armour "Iwkileig" {rC+}
rPois   +          Reflect  .    (no helmet)
rElec   .          Harm     .    (no cloak)
rCorr   .          Rampage  .    (no gloves)
Will    .....                    (no barding)
Stlth   ..........               (no amulet)
HPRegen 0.29/turn                (no ring)
MPRegen 0.11/turn                (no ring)

@: very slow
A: AC +2, large, see invisible, deformed body, poison resistance, slowness 2,
spit poison 1, naga tail 1
a: Spit Poison, Renounce Religion


You were on level 5 of the Dungeon.
You worshipped Elyvilon.
Elyvilon was noncommittal.
You visited 2 branches of the dungeon, and saw 6 of its levels.

You collected 232 gold pieces.

Inventory:

Hand Weapons
 a - a +0 short sword (weapon)
 b - a +4 sling
Missiles
 d - 3 boomerangs of dispersal
Armour
 f - a +0 leather armour
 g - the +7 plate armour "Iwkileig" (worn) {rC+}
   (You acquired it on level 4 of the Dungeon)

   rC:        It protects you from cold.
Scrolls
 c - a scroll of blinking
 e - a scroll of fog
 i - 2 scrolls of teleportation
 l - a scroll of brand weapon {unknown}
 p - a scroll of identify
Potions
 h - a potion of magic
 j - a potion of lignification {unknown}
 k - a potion of brilliance {unknown}
 m - a potion of attraction
 n - a potion of might
 o - a potion of degeneration {unknown}


   Skills:
 + Level 3.8 Fighting
 - Level 4.1 Short Blades
 + Level 1.8 Ranged Weapons
 - Level 0.8 Throwing
 - Level 0.7 Armour
 - Level 1.5 Dodging
 - Level 4.2 Stealth
 - Level 2.0 Spellcasting
 - Level 3.0 Translocations


You had 9 spell levels left.
You didn't know any spells.
Your spell library contained the following spells:

 Spells                   Type           Power      Damage    Failure   Level
 Blink                    Tloc           18%        N/A       100%        2
 Lesser Beckoning         Tloc           18%        N/A       100%        3
 Teleport Other           Tloc           9%         N/A       100%        3
 Vhi's Electric Charge    Tloc/Air       10%        N/A       100%        3
 Manifold Assault         Tloc           9%         N/A       100%        4


Dungeon Overview and Level Annotations

Branches:
Dungeon (5/15)             Temple (1/1) D:4

Altars:
Ashenzari
Dithmenos
Elyvilon
Fedhas
Gozag
Hepliaklqana
Kikubaaqudgha
Makhleb
Nemelex Xobeh
Okawaru
Sif Muna
Uskayaw
Vehumet
Yredelemnul
Zin
The Shining One

Annotations:
D:4 3 runed translucent doors, DSscumlord's ghost, amateur DsCj


Innate Abilities, Weirdness & Mutations

Your serpentine skin is tough. (AC +2)
You have supernaturally acute eyesight. (SInv)
Armour fits poorly on your strangely shaped body.
Your system is resistant to poisons. (rPois)
You cover ground very slowly.
You can spit poison.
You have a snake-like lower body.


Message History

You hit the bullfrog.
You kill the bullfrog!
You hit the worm.
The worm is moderately wounded.
The worm bites you.
Aiming: Spit Poison (1% risk of failure)
Press: ? - help, Shift-Dir - straight line, f - worm
Aim: a worm (lightly wounded, 86% to hit)
The splash of poison hits the worm but does no damage.
The worm is poisoned.
The worm is lightly wounded.
Unknown command.
You hit the worm but do no damage.
The worm is lightly wounded.
The worm bites you.
You hit the worm but do no damage.
The worm is lightly wounded.
You barely miss the worm.
The worm is lightly wounded.
The worm bites you!
* * * LOW HITPOINT WARNING * * *
You hit the worm but do no damage.
The worm is lightly wounded.
You have got your breath back.
You hit the worm.
The worm is moderately wounded.
The worm bites you.
* * * LOW HITPOINT WARNING * * *
You hit the worm but do no damage.
The worm is moderately wounded.
You hit the worm.
The worm is severely wounded.
The worm looks more healthy.
The worm bites you.
* * * LOW HITPOINT WARNING * * *
You hit the worm.
The worm is almost dead.
You hit the worm.
The worm is almost dead.
The worm bites you!
You die...

... #.# ...
#.# ##.##
##...##
##.....##
#..w@...#
#....†......#
##.......####
#.#.....## ##
##...## .>
##.## . ...
..#


You could see a worm.

Vanquished Creatures
  A phantom (D:4)
  A bullfrog (D:5)
  2 iguanas
  3 adders
  2 worms (D:3)
  2 dart slugs
  An orc (D:4)
  3 endoplasms
  4 giant cockroaches
  7 goblins
  9 hobgoblins
  3 jackals (D:3)
  10 kobolds
  2 quokkas
  7 ball pythons
  4 bats
  7 frilled lizards
  2 rats
70 creatures vanquished.

Notes
Turn   | Place    | Note
-------+----------+-------------------------------------------
     0 | D:1      | oldriver the Naga Warper began the quest for the Orb.
     0 | D:1      | Reached XP level 1. HP: 19/19 MP: 3/3
   145 | D:1      | Reached skill level 1 in Stealth
   145 | D:1      | Reached XP level 2. HP: 11/26 MP: 5/5
   666 | D:1      | Reached XP level 3. HP: 33/33 MP: 6/6
  1570 | D:3      | Reached XP level 4. HP: 18/40 MP: 7/7
  2128 | D:3      | Found an iron altar of Okawaru.
  2128 | D:3      | Found a basalt altar of Yredelemnul.
  2583 | D:4      | Noticed a phantom
  2746 | D:4      | HP: 2/40 [iguana (7)]
  2750 | D:4      | Reached skill level 1 in Ranged Weapons
  2750 | D:4      | Reached XP level 5. HP: 15/49 MP: 8/8
  3069 | D:4      | Identified a scroll of acquirement
  3069 | D:4      | Acquired the +7 plate armour "Iwkileig" {rC+}
  3245 | D:4      | Found a runed translucent gate.
  3245 | D:4      | Found a runed translucent gate.
  3245 | D:4      | Found a runed translucent gate.
  3262 | D:4      | Killed a phantom
  3263 | D:4      | Reached XP level 6. HP: 39/56 MP: 9/9
  3341 | D:4      | Noticed DSscumlord's ghost (amateur DsCj)
  3341 | D:4      | Noticed an ice beast
  3409 | D:4      | Found a staircase to the Ecumenical Temple.
  3579 | Temple   | Entered the Ecumenical Temple
  3626 | Temple   | Became a worshipper of Elyvilon the Healer
  3881 | D:5      | Entered Level 5 of the Dungeon
  3902 | D:5      | Slain by a worm

Illustrated notes

Levels and vault maps discovered:
D:1:      erik_arrival_cave_to_civilisation [erik_arrival_cave_to_hall],
          layout_loops_ring, hex_tiny
D:2:      layout_loops_ring
D:3:      layout_loops_cross, gammafunk_temple_overflow_statue, st_stairs_2,
          minmay_cut_off
D:4:      layout_loops_ring, minmay_temple_entry_nine_rooms,
          gammafunk_ghost_icy, abandoned_shop
D:5:      layout_loops_ring, nicolae_overflow_hidden_temple,
          minmay_gold_behind_fungi, nicolae_shop_self_help, uniq_sigmund
Temple:   nicolae_temple_ecumenical_triangle

Skill      XL: |  1  2  3  4  5 |
---------------+----------------+-----
Stealth        | 1 2 3 4 |  4.2
Short Blades   | 3 4 |  4.1
Fighting       | 3 |  3.8
Ranged Weapons | 1 |  1.8
Throwing       | |  0.8
Armour         | |  0.7
Dodging        | |  1.5
Spellcasting   | |  2.0
Translocations | |  3.0

Action                   |  1- 3 |  4- 6 || total
-------------------------+-------+-------++-------
Melee: Short sword       |    55 |    57 ||   112
       Punch             |     1 |     1 ||     2
 Fire: Sling             |       |    83 ||    83
Throw: Boomerang         |     4 |       ||     4
 Abil: Spit Poison       |    32 |    15 ||    47
  Use: Scroll            |     6 |     7 ||    13
       Potion            |       |     2 ||     2
Armor: Leather armour    |     5 |     7 ||    12
       Plate armour      |       |    33 ||    33
Dodge: Dodged            |    26 |    31 ||    57

Table legend: (Time is in decaauts)
 A = Elapsed time spent in this place.
 B = Non-inter-level travel time spent in this place.
 C = Inter-level travel time spent in this place.
 D = Time resting spent in this place.
 E = Time spent auto-exploring this place.
 F = Levels seen in this place.
 G = Mean time per level.
                   A        B        C        D        E       F      G
               +--------+--------+--------+--------+--------+-----+--------+
         Total |   5009 |   4619 |    390 |    676 |   3258 |   6 |  834.8 |
       Dungeon |   4934 |   4554 |    380 |    676 |   3216 |   5 |  986.8 |
        Temple |     75 |     65 |     10 |      0 |     42 |   1 |   75.0 |
               +--------+--------+--------+--------+--------+-----+--------+

Top non-repeatable levels by time:
     D:4: 1490 daAuts
     D:3: 1299 daAuts
     D:1: 1238 daAuts
     D:2: 882 daAuts
  Temple: 75 daAuts
     D:5: 23 daAuts
